 Dungeon Crawl Stone Soup version 0.29.1-13-g9f3cf754e1 (webtiles) character file.

Game seed: 6938636848343415804

6 Heoruswealwe the Grave Robber (level 1, 0/10 HPs)
             Began as a Deep Elf Necromancer on Feb 8, 2023.
             Slain by a jackal (2 damage)
             ... on level 1 of the Dungeon.
             The game lasted 00:02:35 (105 turns).

Heoruswealwe the Grave Robber (Deep Elf Necromancer) Turns: 105, Time: 00:02:37

Health: 0/10       AC:  2    Str:  5    XL:     1   Next: 75%
Magic:  3/6        EV: 12    Int: 19    God:
Gold:   0          SH:  0    Dex: 15    Spells: 5/6 levels left

rFire   . . .      SeeInvis .   (no weapon)
rCold   . . .      Faith    .   (no shield)
rNeg    . . .      Spirit   .   a - +0 robe
rPois   .          Reflect  .   (no helmet)
rElec   .          Harm     .   (no cloak)
rCorr   .          Rampage  .   (no gloves)
Will    .....                   (no boots)
Stlth   ++........              (no amulet)
HPRegen 0.03/turn               (no ring)
MPRegen 0.10/turn               (no ring)

@: no status effects
A: no striking features
a: no special abilities


You were on level 1 of the Dungeon.
You visited 1 branch of the dungeon, and saw 1 of its levels.

Inventory:

Armour
 a - a +0 robe (worn)
 c - a +0 plate armour
Potions
 b - a potion of magic


   Skills:
 + Level 2.6 Dodging
 + Level 2.4 Stealth
 + Level 3.0 Spellcasting
 + Level 5.1 Necromancy


You had 5 spell levels left.
You knew the following spells:

 Your Spells              Type           Power      Damage    Failure   Level
a - Necrotise             Necr           88%        1d8       1%          1

Your spell library contained the following spells:

 Spells                   Type           Power      Damage    Failure   Level
 Vampiric Draining        Necr           22%        2d7       5%          3
 Animate Dead             Necr           22%        N/A       19%         4
 Agony                    Necr           22%        N/A       45%         5


Dungeon Overview and Level Annotations

Branches:
Dungeon (1/15)

Altars:


Message History

Aiming: Necrotise (safe; 1% risk of failure)
Press: ? - help, Shift-Dir - straight line, f/p - jackal
Aim: a jackal (severely wounded, ally target, chance to affect: 91%)
The jackal writhes in agony!
You kill the jackal!
The dead are walking!
A nearby plant withers and dies.
A nearby plant withers and dies.
Your rat skeleton bites the plant.
The plant begins to die.
Your rat skeleton bites the plant.
The plant begins to die.
Your rat skeleton bites the plant.
Your rat skeleton bites the plant.
A nearby plant withers and dies.
A nearby plant withers and dies.
Your jackal skeleton crumbles into dust!
You swap places.
You swap places.
Your rat skeleton crumbles into dust!
You hit the plant but do no damage.
Your jackal skeleton bites the plant.
The plant begins to die.
Your jackal skeleton bites the plant.
The plant begins to die.
Your jackal skeleton bites the plant.
You hit the plant.
The plant begins to die.
The plant is lightly damaged.
Your jackal skeleton bites the plant.
Your jackal skeleton bites the plant.
A nearby plant withers and dies. x2
Your jackal skeleton crumbles into dust!
A nearby plant withers and dies.
A jackal comes into view.
The jackal bites you.
* * * LOW HITPOINT WARNING * * *
Casting: Necrotise (safe; 1% risk of failure)
Confirm with . or Enter, or press ? or * to list all spells.
Aiming: Necrotise (safe; 1% risk of failure)
Press: ? - help, Shift-Dir - straight line, f - jackal
Aim: a jackal (chance to affect: 91%)
The jackal writhes in agony.
The jackal bites you but does no damage.
The jackal bites you.
You die...

#...P..PP.PP.P.
#.##....PP.PPP.PP.
#.##....PPP...PP..
#.##......PPPPP..P
#.##....PP......PP
#.##....PPPP.PPPPP
#.###.######......
#.###.# ##.####
#@....# #>#
#h###.# #.. ....
#.# #.## ###.#.#.#
#.# #...... .# ###
###


You could see a jackal.

Vanquished Creatures
  An endoplasm (D:1)
  3 jackals (D:1)
  A rat (D:1)
5 creatures vanquished.

Vanquished Creatures (others)
  32 plants (D:1)
32 creatures vanquished.

Grand Total: 37 creatures vanquished

Notes
Turn   | Place    | Note
-------+----------+-------------------------------------------
     0 | D:1      | Heoruswealwe the Deep Elf Necromancer began the quest for
                  | the Orb.
     0 | D:1      | Reached XP level 1. HP: 10/10 MP: 6/6
    37 | D:1      | Reached skill level 5 in Necromancy
   105 | D:1      | Slain by a jackal

Illustrated notes

Levels and vault maps discovered:
D:1:      roderic_crop_circles_arrival_small, layout_loops_ring,
          hellmonk_ecumenical_altar_run_dry

Skill      XL: |  1 |
---------------+----+-----
Necromancy     | 5 |  5.1
Dodging        | |  2.6
Stealth        | |  2.4
Spellcasting   | |  3.0

Action                   || total
-------------------------++-------
Melee: Unarmed           ||     3
 Cast: Necrotise         ||    10
Armor: Robe              ||     1
Dodge: Dodged            ||    11
